 Dungeon Crawl Stone Soup version 0.31.0-11-ge490571c62 (webtiles) character file.

Game seed: 5479313302978453699

11 browni3141 the Shooter (level 2, 22/22 HPs)
             Began as a Demonspawn Hunter on Jan 31, 2024.
             Got out of the dungeon alive.
             The game lasted 00:00:11 (207 turns).

browni3141 the Shooter (Demonspawn Hunter)           Turns: 207, Time: 00:00:11

Health: 22/22      AC:  5    Str: 11    XL:     2   Next: 13%
Magic:  2/2        EV: 12    Int:  9    God:
Gold:   12         SH:  0    Dex: 16    Spells: 1/1 levels left

rFire   . . .        a - +0 shortbow
rCold   . . .        (shield currently unavailable)
rNeg    . . .        c - +0 leather armour
rPois   .            (no helmet)
rElec   .            (no cloak)
rCorr   .            (no gloves)
SInv    .            (no boots)
Will    .....        (no amulet)
Stlth   ++           (no ring)
HPRegen 0.23/turn    (no ring)
MPRegen 0.08/turn

%: no passive effects
@: no status effects
A: yellow scales 1
a: no special abilities


You escaped.
You visited 1 branch of the dungeon, and saw 1 of its levels.

You collected 12 gold pieces.

Inventory:

Hand Weapons
 a - a +0 shortbow (weapon)
Armour
 c - a +0 leather armour (worn)
Scrolls
 b - a scroll of butterflies


   Skills:
 + Level 2.2 Fighting
 + Level 3.7 Ranged Weapons
 + Level 2.0 Dodging
 + Level 1.2 Stealth


You had one spell level left.
You didn't know any spells.
Your spell library was empty.

Dungeon Overview and Level Annotations

Branches:
Dungeon (1/15)

Altars:


Innate Abilities, Weirdness & Mutations

You are partially covered in yellow scales. (AC +2)


Message History

No target in view!
You see here a +0 dagger.
There is a stone staircase leading down here.
You now have 12 gold pieces.
There is a stone staircase leading down here.
A hobgoblin comes into view.
You shoot an arrow.
The arrow hits the hobgoblin but does no damage.
The hobgoblin shouts!
A hobgoblin and a kobold come into view.
A kobold comes into view. It is wielding a +0 short sword.
You shoot an arrow. The arrow closely misses the hobgoblin.
The arrow misses the kobold.
The arrow barely misses the kobold.
The kobold shouts!
A frilled lizard comes into view.
You shoot an arrow. The arrow barely misses the hobgoblin.
The arrow closely misses the kobold.
The frilled lizard hisses angrily.
The arrow hits the kobold but does no damage.
You shoot an arrow. The arrow hits the hobgoblin.
The hobgoblin is heavily wounded.
The hobgoblin hits you but does no damage.
A kobold comes into view. It is wielding a +0 whip.
The hobgoblin closely misses you.
There are monsters nearby!
You shoot an arrow. The arrow hits the hobgoblin.
The hobgoblin is severely wounded.
The hobgoblin closely misses you.
There are monsters nearby!
You shoot an arrow. The arrow hits the hobgoblin.
You kill the hobgoblin!
The kobold hits you but does no damage.
Your Dodging skill increases to level 2!
You have reached level 2!
Your demonic ancestry asserts itself...
Yellow scales grow over part of your body.
There are monsters nearby!
You shoot an arrow. The arrow barely misses the kobold.
The kobold hits you with a +0 whip.
You shoot an arrow.
The arrow hits the kobold but does no damage.
The kobold hits you with a +0 whip.
The kobold hits you with a +0 short sword.
The kobold barely misses you. The kobold hits you but does no damage.
You shoot an arrow. The arrow closely misses the kobold.
The kobold closely misses you.
The kobold hits you with a +0 short sword.
You shoot an arrow. The arrow hits the kobold.
The kobold is severely wounded.
The kobold barely misses you. The kobold closely misses you.
You shoot an arrow. The arrow hits the kobold.
You kill the kobold!
The kobold hits you with a +0 short sword.
You shoot an arrow. The arrow hits the kobold.
The kobold is severely wounded.
The frilled lizard bites you but does no damage.
The kobold hits you but does no damage. The kobold barely misses you.
The frilled lizard bites you.
You shoot an arrow. The arrow closely misses the kobold.
The frilled lizard barely misses you. The kobold closely misses you.
You shoot an arrow. The arrow closely misses the kobold.
The frilled lizard closely misses you. The kobold misses you.
You shoot an arrow.
The arrow hits the kobold but does no damage.
The kobold is severely wounded.
The frilled lizard closely misses you. The kobold barely misses you.
You shoot an arrow. The arrow hits the kobold.
You kill the kobold!
The frilled lizard misses you. The frilled lizard barely misses you.
You shoot an arrow. The arrow misses the frilled lizard.
The frilled lizard bites you but does no damage.
You shoot an arrow. The arrow hits the frilled lizard!
You kill the frilled lizard!
You shoot an arrow.
The arrow hits the kobold but does no damage.
The kobold barely misses you.
You shoot an arrow. The arrow barely misses the kobold.
The kobold barely misses you.
You shoot an arrow. The arrow hits the kobold!
You kill the kobold!
No target in view!
No target in view!
No target in view!
No target in view!
No target in view!
No target in view!
No target in view!
No target in view!
No target in view!
No target in view!
No target in view!
No target in view!
Things that are here:
a +0 short sword; a kobold corpse
Things that are here:
a +0 whip; a kobold corpse HP restored.
There is an open door here.
There is a staircase leading out of the dungeon here.
You have escaped!

#... ..# #. .# #.# .# #.#
## #.#
###.###########....#
#...#.........#....#
#...#...###...#....#
#...'...#รท#.@.#....#
#...#...###...#....#
#...#.........#....#
####...###########....#
.......................#
###################....#.#
####### #........#
......###########........#
#####..).................#


There were no monsters in sight!

Vanquished Creatures
  A ball python (D:1)
  A goblin (D:1)
  A hobgoblin (D:1)
  5 kobolds (D:1)
  A bat (D:1)
  A frilled lizard (D:1)
  A rat (D:1)
11 creatures vanquished.

Notes
Turn   | Place    | Note
-------+----------+-------------------------------------------
     0 | D:1      | browni3141 the Demonspawn Hunter began the quest for the
                  | Orb.
     0 | D:1      | Reached XP level 1. HP: 16/16 MP: 1/1
    30 | D:1      | Reached skill level 1 in Stealth
   119 | D:1      | Gained mutation: You are partially covered in yellow
                  | scales. (AC +2) [demonic ancestry]
   119 | D:1      | Reached XP level 2. HP: 22/22 MP: 2/2
   207 | D:$      | Got out of the dungeon alive.

Illustrated notes

Levels and vault maps discovered:
D:1:      nicolae_arrival_memento_mori, layout_rooms, minivault_25

Skill      XL: |  1 |
---------------+----+-----
Stealth        | 1 |  1.2
Dodging        | 2 |  2.0
Fighting       | |  2.2
Ranged Weapons | |  3.7

Action                     || total
---------------------------++-------
   Fire: Shortbow          ||    36
 Armour: Leather armour    ||    14
  Dodge: Dodged            ||    18
